 Dungeon Crawl Stone Soup version 0.27-a0-1200-g94dc6ad4cf (webtiles) character file.

Game seed: 3972342040444253084

9 deadmanwalking the Sneak (level 2, -8/16 HPs)
             Began as a Spriggan Delver on June 1, 2021.
             Killed by divine providence
             ... invoked by an orc priest
              (13 damage)
             ... on level 4 of the Dungeon.
             The game lasted 00:02:20 (275 turns).

deadmanwalking the Sneak (Spriggan Delver)           Turns: 275, Time: 00:02:23

Health: -8/16      AC:  2    Str:  8    XL:     2   Next: 3%
Magic:  3/3        EV: 17    Int: 11    God:
Gold:   30         SH:  0    Dex: 16    Spells: 1/1 levels left

rFire    . . .     SeeInvis +   a - +0 short sword
rCold    . . .     Faith    .   (shield restricted)
rNeg     . . .     Spirit   .   b - +0 robe
rPois    .         Reflect  .   (helmet restricted)
rElec    .         Harm     .   (no cloak)
rCorr    .         Rampage  .   (gloves unavailable)
Will     .....                  (boots unavailable)
Stlth    ++........             (no amulet)
HPRegen  0.05/turn              (no ring)
MPRegen  0.08/turn              (no ring)

@: slow
A: very small, no large weapons, unfitting armour, see invisible, speed 3
a: no special abilities


You were on level 4 of the Dungeon.
You visited 1 branch of the dungeon, and saw 2 of its levels.

You collected 30 gold pieces.

Inventory:

Hand Weapons
 a - a +0 short sword (weapon)
Missiles
 h - 5 curare-tipped darts (quivered)
 i - 18 stones
Armour
 b - a +0 robe (worn)
Wands
 e - a wand of flame (17)
 g - a wand of digging (3)
Scrolls
 c - a scroll of fog
 d - a scroll of magic mapping
 j - a scroll of immolation {unknown}
Potions
 f - a potion of haste


   Skills:
 - Level 2.4 Fighting
 + Level 2.5 Short Blades
 + Level 3.1 Dodging
 + Level 7.5 Stealth


You had one spell level left.
You didn't know any spells.
Your spell library was empty.

Dungeon Overview and Level Annotations

Branches:
Dungeon (5/15)
 Temple: D:4-7

Altars:


Innate Abilities, Weirdness & Mutations

You are very small and have problems with some larger weapons.
You are too small for most types of armour.
You have supernaturally acute eyesight. (SInv)
You cover ground extremely quickly. (Speed+++)


Message History

The orc shouts!
A worm comes into view.
You start resting.
You hear the slow rusting of a drain.
You start resting.
You hear the rusting of a drain.
An endoplasm comes into view.
You hear a splashing noise.
Found 15 gold pieces.
You barely miss the kobold.
The kobold shouts!
The kobold hits you with a +0 dagger.
You hit the kobold but do no damage. The kobold completely misses you.
You hit the kobold.
You kill the kobold!
i - 18 stones (gained 2);
e - a wand of flame (17)
You now have 15 gold pieces.
You see here a +0 dagger.
Found a scroll labelled LEPROS UXEME.
The worm bites you.
* * * LOW HITPOINT WARNING * * *
An orc comes into view. It is wielding a +0 club.
You see here a scroll labelled LEPROS UXEME.
j - a scroll labelled LEPROS UXEME You see here 15 gold pieces.
You now have 30 gold pieces (gained 15).
The worm misses you.
An orc warrior and an orc priest come into view.
The orc warrior hits the plant with a +0 halberd!
The plant begins to die.
A goblin comes into view. It is wielding a +0 dagger.
The orc shouts!
Found 23 arrows.
You enter the shallow water.
Moving in this stuff is going to be slow.
A nearby plant withers and dies.
The orc priest invokes the aid of Beogh against you.
Beogh smites you!
Ouch! That really hurt!
You die...

#.. P♣ #.
##(P≈≈≈ ♣ ≈
#.###..≈≈P♣≈♣ ≈P
#.....P.≈g≈≈♣≈≈P
##.≈≈P≈≈♣≈≈≈≈≈≈≈
#PP≈≈≈≈≈≈♣≈..P..
#≈≈≈♣P≈P≈.≈≈....
#P.≈...≈@.#
#o.o....#####
......o.....#
##...#####.#####
#.. #.........#
#. #.#.#w#.#.# #
##.......##
###.#.###
#..)....#


You could see an orc warrior (wandering), an orc priest, an orc and a goblin
(wandering).

Vanquished Creatures
  An adder skeleton (D:4)
  An endoplasm (D:4)
  A hobgoblin (D:4)
  A quokka (D:4)
  A ball python (D:4)
  A kobold (D:4)
6 creatures vanquished.

Vanquished Creatures (others)
  22 plants (D:4)
22 creatures vanquished.

Grand Total: 28 creatures vanquished

Notes
Turn   | Place    | Note
-------+----------+-------------------------------------------
     0 | D:5      | deadmanwalking the Spriggan Delver began the quest for the
                  | Orb.
     0 | D:5      | Reached XP level 1. HP: 11/11 MP: 2/2
    72 | D:4      | Noticed an iguana
    95 | D:4      | Reached XP level 2. HP: 4/16 MP: 3/3
   271 | D:4      | Noticed an orc warrior
   275 | D:4      | Killed from afar by an orc priest

Illustrated notes

Levels and vault maps discovered:
D:4:      minmay_spotlight, layout_rooms, minmay_temple_entry_ruins,
          serial_bayou, serial_bayou_lake_a, serial_bayou_lagoon_a,
          serial_bayou_crossing, serial_bayou_pond_b, gup_sewer_entry_bubbles,
          minmay_misc_feat_square, grunt_ministairs_2, amethyst_killhole,
          uniq_menkaure
D:5:      layout_basic, nrook_mini_backslash, nrook_loot_triangle, uniq_grinder,
          uniq_ijyb

Skill      XL: |  1 |
---------------+----+-----
Dodging        | 3 |  3.1
Fighting       | |  2.4
Short Blades   | |  2.5
Stealth        | |  7.5

Action                   || total
-------------------------++-------
Melee: Short sword       ||    21
  Use: Scroll            ||     1
 Stab: Sleeping          ||     2
Dodge: Dodged            ||    13

Table legend: (Time is in decaauts)
 A = Elapsed time spent in this place.
 B = Non-inter-level travel time spent in this place.
 C = Inter-level travel time spent in this place.
 D = Time resting spent in this place.
 E = Time spent auto-exploring this place.
 F = Levels seen in this place.
 G = Mean time per level.
                   A        B        C        D        E       F      G
               +--------+--------+--------+--------+--------+-----+--------+
         Total |    209 |    209 |      0 |     69 |      9 |   2 |  104.5 |
       Dungeon |    209 |    209 |      0 |     69 |      9 |   2 |  104.5 |
               +--------+--------+--------+--------+--------+-----+--------+

Top non-repeatable levels by time:
     D:4: 189 daAuts
     D:5: 20 daAuts
